 Dungeon Crawl Stone Soup version 0.21.0 (webtiles) character file.

49 Clarigatio the Sneak (level 4, 0/36 HPs)
             Began as a Kobold Enchanter on Apr 4, 2018.
             Succumbed to an adder's poison
             ... on level 2 of the Dungeon.
             The game lasted 00:12:37 (1490 turns).

Clarigatio the Sneak (Kobold Enchanter)             Turns: 1490, Time: 00:12:38

Health: 0/36       AC: 22    Str:  5    XL:     4   Next: 2%
Magic:  3/7        EV:  3    Int: 17    God:
Gold:   58         SH:  0    Dex: 15    Spells: 2/8 levels left

rFire    . . .     SeeInvis .   a - +1 dagger
rCold    . . .     Gourm    .   (shield restricted)
rNeg     + + +     Faith    .   (armour currently unavailable)
rPois    +         Spirit   .   (helmet currently unavailable)
rElec    .         Reflect  .   (cloak currently unavailable)
rCorr    .         Harm     .   (gloves currently unavailable)
MR       .....     NoTele   +   (boots currently unavailable)
Stlth    +++.......             (no amulet)
HPRegen  0.12/turn              (no ring)
MPRegen  0.10/turn              (no ring)

@: lethally poisoned (0 -> -1), tree-form, very slightly contaminated
A: small, carnivore
a: no special abilities


You were on level 2 of the Dungeon.
You were very full.
You were a tree.
You visited 1 branch of the dungeon, and saw 2 of its levels.

You collected 58 gold pieces.

Inventory:

Hand Weapons
 a - a +1 dagger (weapon)
Missiles
 e - 20 stones (quivered)
Armour
 b - a +0 robe (melded)
 g - a scarf of repulsion
 l - a +0 pair of boots (melded)
Jewellery
 f - an uncursed ring of positive energy {unknown}
Scrolls
 i - a scroll of enchant armour {unknown}
 j - a scroll of fog {unknown}
 k - a scroll of remove curse {unknown}
Books
 c - a book of Maledictions

   Spells                             Type                      Level
   a - Corona                         Hexes                        1
   b - Ensorcelled Hibernation        Hexes/Ice                    2
   c - Confuse                        Hexes                        3
   d - Tukima's Dance                 Hexes                        3
   e - Dazzling Spray                 Conjuration/Hexes            3
Comestibles
 d - a ration


   Skills:
 + Level 1.8 Short Blades
 + Level 0.2 Throwing
 + Level 2.5 Dodging
 + Level 4.8 Stealth
 + Level 2.6 Spellcasting
 + Level 3.6 Hexes


You had 2 spell levels left.
You knew the following spells:

 Your Spells              Type           Power        Failure   Level  Hunger
a - Corona                Hex            ##.....      4%          1    #......
b - Ensorcelled Hibernat  Hex/Ice        #.....       13%         2    ##.....
c - Dazzling Spray        Conj/Hex       #.....       26%         3    ###....


Dungeon Overview and Level Annotations

Branches:
Dungeon (2/15)

Altars:


Innate Abilities, Weirdness & Mutations

You are small and have problems with some larger weapons.
You are carnivorous and can eat meat at any time.


Message History

You closely miss the adder.
The adder is almost dead.
The adder bites you.
* * * LOW HITPOINT WARNING * * *
You hit the adder.
You kill the adder!
You have reached level 4!
* * * LOW HITPOINT WARNING * * *
You feel sick.
The jackal bites you but does no damage.
You hit the jackal but do no damage.
The jackal bites you but does no damage.
You barely miss the jackal.
The jackal bites you but does no damage.
You hit the jackal.
The jackal is moderately wounded.
The jackal bites you but does no damage. x2
You hit the jackal but do no damage.
The jackal is moderately wounded.
You die...

.# #.# #.# #.# #######.#
.....##.# .....##.# ..
........###############....
................♣hg........
......#..##########.###....
......#...# #.# ...
......#.#.## #h# ....
.....##.#..## ####g###....
.....##.#...# #..........#
#######.#...# #..........#
#.#...####..†.......#
#.#...#.............#


You could see a jackal and a hobgoblin.

Vanquished Creatures
  An adder (D:2)
  A worm (D:2)
  3 dart slugs (D:1)
  A leopard gecko (D:1)
  3 ball pythons
  4 goblins (D:1)
  4 hobgoblins (D:1)
  2 jackals (D:2)
  3 bats
  2 frilled lizards
  2 kobolds (D:1)
  5 rats
31 creatures vanquished.

Notes
Turn   | Place    | Note
-------+----------+-------------------------------------------
     0 | D:1      | Clarigatio the Kobold Enchanter began the quest for the Orb.
     0 | D:1      | Reached XP level 1. HP: 10/10 MP: 3/3
   455 | D:1      | Reached XP level 2. HP: 15/15 MP: 5/5
   459 | D:1      | Learned a level 2 spell: Ensorcelled Hibernation
   736 | D:1      | Reached XP level 3. HP: 16/19 MP: 4/6
   744 | D:1      | Learned a level 3 spell: Dazzling Spray
  1485 | D:2      | HP: 1/28 [adder (3)]
  1486 | D:2      | Reached XP level 4. HP: 2/24 MP: 2/7
  1490 | D:2      | Succumbed to an adder's poison

Action                   |  1- 3 |  4- 6 || total
-------------------------+-------+-------++-------
Melee: Dagger            |    94 |     4 ||    98
Throw: Stone             |     9 |       ||     9
 Cast: Corona            |     6 |       ||     6
       Ensorcelled Hiber |     4 |       ||     4
       Dazzling Spray    |     1 |       ||     1
  Use: Potion            |     2 |       ||     2
 Stab: Sleeping          |    16 |       ||    16
  Eat: Chunk             |    10 |       ||    10
Armor: Robe              |     9 |       ||     9
       Skin              |    12 |     5 ||    17
Dodge: Dodged            |    61 |       ||    61
